 Dungeon Crawl Stone Soup version 0.31-a0-233-g139696dc86 (webtiles) character file.

Game seed: 16394843361510321218

29057 bjtr the Dealer of Despair (level 13, -14/94 HPs)
             Began as a Demonspawn Necromancer on July 8, 2023.
             Was an Elder of Kikubaaqudgha.
             Killed from afar by a fire dragon (40 damage)
             ... with a blast of flame
             ... on level 14 of the Dungeon on July 10, 2023.
             The game lasted 02:08:40 (21530 turns).

bjtr the Dealer of Despair (DsNe)                  Turns: 21530, Time: 02:08:41

Health: -14/94     AC: 14    Str:  9    XL:     13   Next: 13%
Magic:  2/27       EV: 18    Int: 21    God:    Kikubaaqudgha [****..]
Gold:   2046       SH: 13    Dex: 20    Spells: 8/32 levels left

rFire   . . .        a - +9 trident (pain)
rCold   . . .        e - +2 kite shield {reflect}
rNeg    . . .        J - +0 steam dragon scales
rPois   .            (helmet restricted)
rElec   .            (no cloak)
rCorr   .            D - +2 pair of gloves
SInv    .            N - +2 pair of boots
Will    .....        k - amulet of the acrobat
Stlth   +++          d - +5 ring of evasion
HPRegen 0.35/turn    Q - +6 ring of dexterity
MPRegen 0.20/turn

%: reflection, acrobat
@: animating dead (expiring)
A: horns 1, rugged brown scales 2, demonic guardian 2, demonic magic 1
a: Renounce Religion, Unearth Wretches


You were on level 14 of the Dungeon.
You worshipped Kikubaaqudgha.
Kikubaaqudgha was greatly pleased with you.
You visited 2 branches of the dungeon, and saw 16 of its levels.

You collected 2111 gold pieces.
You spent 65 gold pieces at shops.

Inventory:

Hand Weapons
 a - a +9 trident of pain (weapon)
 b - a +2 heavy sling
 A - a -2 demon whip of venom
 I - a +0 broad axe of draining
 L - a +0 triple crossbow
 V - a +3 trident of freezing
 Y - a +5 vampiric spear
 Z - a +3 scimitar of flaming
Missiles
 f - 35 poisoned darts
 K - a throwing net
 R - 4 javelins
 S - 2 atropa-tipped darts
 X - a curare-tipped dart
Armour
 e - a +2 kite shield of reflection (worn)
 D - a +2 pair of gloves (worn)
 J - +0 steam dragon scales (worn)
 N - a +2 pair of boots (worn)
 U - a +1 robe of resistance
Magical Staves
 C - the staff "Pioraor" {Fragile Fly rPois Int+6 Conj}
   (You found it on level 10 of the Dungeon)

   [staff of conjuration]

   Base accuracy: +5 Base damage: 5 Base attack delay: 1.2 This weapon's minimum
   attack delay (0.6) is reached at skill level 12.
   Int:       It affects your intelligence (+6).
   rPois:     It protects you from poison.
   Fly:       It grants you flight.
   Fragile:   It will be destroyed if unequipped.
   Conj:      It increases the power of your Conjurations spells.
   It falls into the 'Staves' category.
   It is a one-handed weapon.
Jewellery
 d - a +5 ring of evasion (left hand)
 k - an amulet of the acrobat (around neck)
 n - a ring of willpower
 o - a ring of positive energy
 P - a ring of flight
 Q - a +6 ring of dexterity (right hand)
Wands
 p - a wand of iceblast (7)
 v - a wand of light (5)
 w - a wand of paralysis (7)
 F - a wand of digging (6)
 M - a wand of mindburst (9)
Scrolls
 c - a scroll of vulnerability
 j - a scroll of noise {unknown}
 l - 4 scrolls of poison
 s - 2 scrolls of fear
 u - 2 scrolls of revelation
 T - a scroll of teleportation {unknown}
Potions
 g - 6 potions of might
 h - a potion of brilliance
 i - 2 potions of berserk rage
 m - 4 potions of curing
 q - 3 potions of lignification
 r - 2 potions of magic
 t - 2 potions of mutation
 x - a potion of degeneration {unknown}
 z - a potion of resistance {unknown}
 B - a potion of cancellation {unknown}
 E - 2 potions of attraction
 G - 2 potions of invisibility
 O - a potion of haste {unknown}
Miscellaneous
 W - a piece from Xom's chessboard (15/15)


   Skills:
 - Level 4.6 Fighting
 + Level 11.1 Polearms
 - Level 3.2 Armour
 - Level 5.7 Dodging
 - Level 3.3 Stealth
 - Level 5.4 Shields
 - Level 10.0 Spellcasting
 - Level 5.1 Conjurations
 - Level 12.1 Necromancy
 - Level 0.1 Air Magic
 - Level 1.3 Earth Magic
 - Level 0.2 Evocations


You had 8 spell levels left.
You knew the following spells:

 Your Spells              Type           Power      Damage    Failure   Level
a - Necrotise             Necr           100%       1d9       1%          1
b - Vampiric Draining     Necr           57%        2d10      1%          3
c - Animate Dead          Necr           57%        N/A       1%          4
d - Agony                 Necr           57%        N/A       5%          5
e - Cigotuvi's Dreadful   Necr/Pois/Air  54%        N/A       8%          2
f - Borgnjor's Vile Clut  Necr/Erth      19%        N/A       45%         5
g - Anguish               Hex/Necr       17%        N/A       24%         4

Your spell library contained the following spells:

 Spells                   Type           Power      Damage    Failure   Level
 Kiss of Death            Conj/Necr      100%       2d13      1%          1
 Dazzling Flash           Conj/Hex       42%        N/A       30%         3
 Death Channel            Necr           28%        N/A       30%         6
 Volatile Blastmotes      Fire/Tloc      20%        2d11      63%         3
 Iskenderun's Mystic Bla  Conj/Tloc      21%        2d6       69%         4
 Simulacrum               Ice/Necr       17%        N/A       98%         6
 Starburst                Conj/Fire      10%        6d5       100%        6


Dungeon Overview and Level Annotations

Branches:
Dungeon (15/15)            Temple (1/1) D:5            Lair (0/5) D:8
    Orc (0/2) D:9
 Vaults: D:13-14     Depths: D:15

Altars:
Ashenzari
Cheibriados
Dithmenos
Fedhas
Gozag
Hepliaklqana
Kikubaaqudgha
Makhleb
Nemelex Xobeh
Okawaru
Qazlal
Ru
Sif Muna
Trog
Uskayaw
Vehumet
Wu Jian
Xom
Yredelemnul

Shops:
D:5 *   D:8 :

Annotations:
D:12 3 runed translucent doors


Innate Abilities, Weirdness & Mutations

You have a pair of small horns on your head.
You are mostly covered in rugged brown scales. (AC +2, +5% HP)
A demonic guardian rushes to your aid.
Spells you cast may paralyse adjacent enemies.


Message History

You swap places.
A cyclops comes into view.
The fire dragon barely misses your ugly thing zombie.
The fire dragon closely misses your ugly thing zombie.
The fire dragon tramples your ugly thing zombie!
Your ugly thing zombie holds its ground!
Your ugly thing zombie hits the fire dragon but does no damage.
You swap places.
Your ugly thing zombie closely misses the fire dragon.
The fire dragon bites your ugly thing zombie.
The fire dragon claws your ugly thing zombie!
The fire dragon tramples your ugly thing zombie.
Your ugly thing zombie holds its ground!
Your ugly thing zombie hits the fire dragon.
Something bites your ugly thing zombie. Something claws your ugly thing zombie.
Something tramples your ugly thing zombie!
Your ugly thing zombie holds its ground!
There is a stone staircase leading down here.
Unknown command.
Your reaping aura is weakening.
Something bites your ugly thing zombie! Something claws your ugly thing zombie.
Something tramples your ugly thing zombie!
Your ugly thing zombie stumbles backwards!
Your ugly thing zombie barely misses the fire dragon.
Your ugly thing zombie hits the fire dragon but does no damage.
Unknown command.
Casting: Agony (dangerous; 5% risk of failure)
Confirm with . or Enter, or press ? or * to list all spells.
Casting: Anguish (dangerous; 24% risk of failure)
Press: ? - help, Dir - look around, f - activate The cyclops is haunted by guilt!
The fire dragon is haunted by guilt!
Malevolent energies surge around you. The fire dragon breathes flames at you.
The blast of flame hits your ugly thing zombie!!!
Your ugly thing zombie is destroyed!
The blast of flame hits your tengu conjurer zombie!!
Your tengu conjurer zombie is destroyed!
The blast of flame hits you!!!
You die...
Kikubaaqudgha rasps: "You have failed me!
Welcome... death!"

..........
...#.....
........# ##
#.
#[DZ#..#...
###Z#....#
#DZ....##
####.C......
##...Z.......
#..@.........
##...##......
##.## ##...#
### .... ..#
.#


You could see a fire dragon (catching breath, ally target, anguished), a cyclops
(anguished) and 2 friendly ugly thing zombies.

Vanquished Creatures
  Josephine (D:12)
  2 centaur warriors (D:15)
  A two-headed ogre (D:12)
  Amaemon (D:10)
  Lodul (D:11)
  A harpy (shapeshifter) (D:15)
  3 ugly things (D:14)
  A manticore (D:12)
  3 cyclopes
  An orange demon (D:10)
  3 kobold demonologists
  An efreet (D:13)
  A tengu conjurer (D:14)
  3 trolls
  Grinder (D:5)
  Prince Ribbit (D:5)
  11 slime creatures (D:12)
  A wyvern (D:9)
  5 vampires
  7 wraiths
  9 yaks
  Grum (D:8)
  5 vampire mosquitoes
  2 steam dragons
  2 water moccasins
  3 black bears
  12 ogres
  5 orc warriors
  2 sky beasts
  4 wolves (D:8)
  4 centaurs
  A phantom (D:4)
  4 kobold brigands
  Blork the orc (D:5)
  2 bullfrogs
  7 gnoll sergeants
  3 scorpions
  7 wights
  2 howler monkeys (D:11)
  2 hounds (D:5)
  A jelly (D:4)
  6 orc priests
  A sleepcap (D:7)
  Ijyb (D:4)
  4 iguanas
  6 orc wizards
  Robin (D:4)
  10 gnolls
  8 adders
  A shadow imp (D:7)
  A white imp (D:8)
  An ufetubus (D:5)
  A worm (D:3)
  6 dart slugs
  23 orcs
  9 bats
  An endoplasm (D:4)
  5 giant cockroaches
  14 hobgoblins
  2 jackals (D:1)
  13 kobolds
  8 quokkas
  10 ball pythons
  4 frilled lizards
  15 goblins
  6 rats
285 creatures vanquished.

Vanquished Creatures (collateral kills)
  Jorgrun (D:11)
  The ghost of Triskal the Carver, a journeyman MeCA of Ignis (D:10)
  The ghost of Pooter the Fighter, a journeyman GnWn of Hepliaklqana (D:10)
  A centaur warrior (D:10)
  A tengu warrior (D:10)
  An ugly thing (D:14)
  Maggie (D:7)
  A komodo dragon (D:11)
  A troll (D:9)
  A wolf spider simulacrum (D:11)
  A slime creature (D:12)
  8 yaks
  2 wraiths
  2 vampire mosquitoes
  An ice beast (D:5)
  3 ogres
  2 centaurs
  A kobold brigand (D:9)
  A scorpion (D:5)
  3 gnoll sergeants
  3 wights (D:10)
  3 howler monkeys
  2 hounds (D:5)
  An iguana (D:5)
  An orc wizard (D:8)
  2 adders (D:5)
  3 gnolls
  An ufetubus (D:5)
  A worm (D:5)
  9 orcs
  An endoplasm (D:1)
  3 hobgoblins
  2 quokkas
  3 goblins
  2 kobolds (D:10)
71 creatures vanquished.

Vanquished Creatures (others)
  An ugly thing zombie (D:14)
  A deep elf pyromancer (D:12)
  A two-headed ogre zombie (D:12)
  An elf zombie (D:12)
  A vampire mosquito zombie (D:12)
  A cyclops zombie (D:12)
  A water moccasin zombie (D:6)
  A tengu zombie (D:14)
  6 yak zombies
  3 wolf zombies (D:8)
  A black bear zombie (D:8)
  2 bullfrog zombies
  2 centaur zombies (D:8)
  A scorpion zombie (D:5)
  9 ogre zombies
  2 kobold zombies (D:9)
  A sky beast zombie (D:7)
  A hound zombie (D:5)
  A howler monkey zombie (D:11)
  A steam dragon zombie (D:9)
  An adder zombie (D:5)
  2 iguana zombies (D:5)
  19 orc zombies
  A worm zombie (D:5)
  13 gnoll zombies
  9 goblin zombies (D:4)
  A hobgoblin zombie (D:4)
84 creatures vanquished.

Grand Total: 440 creatures vanquished

Notes
Turn   | Place    | Note
-------+----------+-------------------------------------------
     0 | D:1      | bjtr the Demonspawn Necromancer began the quest for the
                  | Orb.
     0 | D:1      | Reached XP level 1. HP: 13/13 MP: 3/3
   199 | D:1      | Gained mutation: You are partially covered in rugged brown
                  | scales. (AC +1, +3% HP) [demonic ancestry]
   199 | D:1      | Reached XP level 2. HP: 13/19 MP: 3/5
   389 | D:1      | Reached skill level 5 in Necromancy
   649 | D:1      | Gained mutation: You are mostly covered in rugged brown
                  | scales. (AC +2, +5% HP) [demonic ancestry]
   649 | D:1      | Reached XP level 3. HP: 18/25 MP: 6/6
  1112 | D:2      | Gained mutation: A weak demonic guardian rushes to your
                  | aid. [demonic ancestry]
  1112 | D:2      | Reached XP level 4. HP: 31/31 MP: 4/8
  1657 | D:2      | Found a faded altar of an unknown god.
  2012 | D:3      | Learned a level 3 spell: Vampiric Draining
  2017 | D:3      | Learned a level 4 spell: Animate Dead
  2824 | D:4      | Reached skill level 6 in Necromancy
  2824 | D:4      | Reached XP level 5. HP: 27/36 MP: 4/9
  2871 | D:4      | Noticed Robin
  2919 | D:4      | Killed Robin
  3072 | D:4      | Noticed Ijyb
  3083 | D:4      | Killed Ijyb
  3315 | D:4      | Noticed a phantom
  3327 | D:4      | Your ally Robin died
  3351 | D:4      | Killed a phantom
  3352 | D:4      | Reached skill level 1 in Fighting
  3352 | D:4      | Reached XP level 6. HP: 40/45 MP: 11/11
  3468 | D:5      | Entered Level 5 of the Dungeon
  3468 | D:5      | Noticed Blork the orc
  3479 | D:5      | Killed Blork the orc
  3517 | D:5      | Your ally Blork died
  3698 | D:5      | Reached skill level 7 in Necromancy
  3698 | D:5      | Reached XP level 7. HP: 29/50 MP: 9/13
  4344 | D:5      | Noticed Prince Ribbit
  4368 | D:5      | Found a staircase to the Ecumenical Temple.
  4382 | Temple   | Entered the Ecumenical Temple
  4426 | Temple   | Became a worshipper of Kikubaaqudgha
  4547 | D:5      | Noticed Grinder
  4602 | D:5      | HP: 1/46 [Grinder (5)]
  4985 | D:5      | Learned a level 5 spell: Agony
  5165 | D:5      | Found a shimmering blue altar of Sif Muna.
  5243 | D:5      | Paralysed by Grinder for 3 turns
  5253 | D:5      | Paralysed by Grinder for 4 turns
  5259 | D:5      | Killed Grinder
  5260 | D:5      | Reached skill level 1 in Armour
  5260 | D:5      | Reached skill level 5 in Spellcasting
  5359 | D:5      | Found Byggiosh's General Store.
  5373 | D:5      | Bought a potion of heal wounds for 65 gold pieces
  5525 | D:5      | Killed Prince Ribbit
  5526 | D:5      | Gained mutation: A demonic guardian rushes to your aid.
                  | [demonic ancestry]
  5526 | D:5      | Reached XP level 8. HP: 33/59 MP: 14/16
  6035 | D:5      | Reached skill level 8 in Necromancy
  6298 | D:5      | Reached * piety under Kikubaaqudgha
  6298 | D:5      | Received a gift from Kikubaaqudgha
  6302 | D:5      | Learned a level 2 spell: Cigotuvi's Dreadful Rot
  6322 | D:5      | Reached XP level 9. HP: 65/66 MP: 13/18
  7129 | D:5      | Reached skill level 9 in Necromancy
  7656 | D:6      | Reached skill level 1 in Conjurations
  7911 | D:6      | Found an iron altar of Okawaru.
  8600 | D:7      | Noticed Maggie
  9221 | D:7      | Killed Maggie
  9222 | D:7      | Reached skill level 1 in Shields
  9653 | D:7      | Reached skill level 10 in Necromancy
 10409 | D:8      | Noticed Grum
 10412 | D:8      | Gained mutation: Spells you cast may paralyse adjacent
                  | enemies. [demonic ancestry]
 10412 | D:8      | Reached XP level 10. HP: 39/73 MP: 12/21
 11009 | D:8      | Found a burning altar of Makhleb.
 11051 | D:8      | Reached ** piety under Kikubaaqudgha
 11498 | D:8      | Found a staircase to the Lair.
 11595 | D:8      | Found a radiant altar of Vehumet.
 11595 | D:8      | Found a stormy altar of Qazlal.
 12168 | D:8      | Found Kewoxusm's Book Shop.
 12259 | D:8      | Killed Grum
 12323 | D:9      | Learned a level 5 spell: Borgnjor's Vile Clutch
 12614 | D:9      | Reached skill level 11 in Necromancy
 13291 | D:9      | Found a staircase to the Orcish Mines.
 14198 | D:9      | Gained mutation: You have a pair of small horns on your
                  | head. [demonic ancestry]
 14198 | D:9      | Reached XP level 11. HP: 79/79 MP: 24/24
 14253 | D:10     | Entered Level 10 of the Dungeon
 14324 | D:10     | Noticed Amaemon
 14457 | D:10     | Noticed a centaur warrior
 14822 | D:10     | Killed Amaemon
 15203 | D:10     | Found a shimmering altar of Xom.
 15350 | D:10     | Found a sparkling altar of Nemelex Xobeh.
 15350 | D:10     | Noticed a tengu warrior
 15495 | D:10     | Found a runed translucent gate.
 15510 | D:10     | Found a runed translucent gate.
 15510 | D:10     | Found a runed translucent gate.
 15514 | D:10     | Noticed Triskal's ghost (journeyman MeCA)
 15514 | D:10     | Noticed Pooter's ghost (journeyman GnWn)
 15544 | D:10     | Reached skill level 5 in Dodging
 15791 | D:10     | Reached *** piety under Kikubaaqudgha
 15791 | D:10     | Received a gift from Kikubaaqudgha
 16000 | D:10     | Killed a tengu warrior
 16001 | D:10     | Reached skill level 1 in Earth Magic
 16330 | D:10     | Killed a centaur warrior
 16837 | D:10     | Reached skill level 5 in Shields
 17013 | D:10     | Killed Triskal's ghost
 17014 | D:10     | Reached skill level 5 in Conjurations
 17014 | D:10     | Reached skill level 12 in Necromancy
 17016 | D:10     | HP: 2/81 [frozen (28)]
 17028 | D:10     | Killed Pooter's ghost
 17029 | D:10     | Reached skill level 10 in Spellcasting
 17044 | D:10     | Identified the staff "Pioraor" {Fragile Fly rPois Int+6
                  | Conj}
 17390 | D:11     | Identified 2 scrolls of acquirement
 17390 | D:11     | Acquired 586 gold pieces
 17392 | D:11     | Acquired 387 gold pieces
 17490 | D:11     | Reached skill level 1 in Polearms
 18058 | D:11     | Noticed Lodul
 18269 | D:11     | Killed Lodul
 18270 | D:11     | Reached XP level 12. HP: 88/88 MP: 1/26
 18276 | D:11     | Your ally Lodul died
 18496 | D:11     | Reached skill level 5 in Polearms
 18722 | D:12     | Noticed a two-headed ogre
 18730 | D:12     | Killed a two-headed ogre
 18888 | D:12     | Noticed Jorgrun
 19063 | D:11     | Killed Jorgrun
 19590 | D:12     | Found a runed translucent door.
 19593 | D:12     | Found a runed translucent door.
 19594 | D:12     | Noticed a merfolk avatar
 19594 | D:12     | Noticed a merfolk impaler
 19862 | D:12     | Learned a level 4 spell: Anguish
 19990 | D:12     | Reached **** piety under Kikubaaqudgha
 20085 | D:12     | Noticed Josephine
 20095 | D:12     | Killed Josephine
 20640 | D:12     | Found a runed translucent door.
 21111 | D:13     | Reached skill level 10 in Polearms
 21214 | D:13     | You fall into a shaft and drop 2 floors!
 21214 | D:15     | Entered Level 15 of the Dungeon
 21315 | D:15     | Noticed a centaur warrior
 21324 | D:15     | Killed a centaur warrior
 21325 | D:15     | Reached XP level 13. HP: 72/94 MP: 16/27
 21520 | D:14     | Noticed a fire dragon
 21530 | D:14     | Killed from afar by a fire dragon

Illustrated notes

Levels and vault maps discovered:
D:1:      mrwooster_arrival_arrow, layout_basic, minmay_ruptured
D:2:      layout_rooms, shapermc_ecumenical_altar_notcrosses, serial_curves,
          eino_curves_01, eino_curves_02, eino_curves_01, eino_curves_01
D:3:      layout_loops_corners
D:4:      layout_cave_pools, uniq_ijyb, uniq_robin
D:5:      kennysheep_windowed_halls, layout_basic, lemuel_blue_sif_altar,
          temple_fountains, serial_shops, nicolae_shop_advertising_works
          [nicolae_subvault_shop_adworks], uniq_blork_the_orc, uniq_grinder,
          uniq_prince_ribbit1
D:6:      layout_cave_pods, kennysheep_mini, dk_vineyard_3
D:7:      corexii_shack_village, layout_layer_cave, amcnicky_altar_gilded,
          uniq_maggie
D:8:      layout_basic, mainiacjoe_overflow_surrounded_room,
          amethyst_overflow_temple_binary, dpeg_oklobed_lair, serial_shops,
          nicolae_shop_behind_doors, serial_park_tiny_1, minmay_parallelograms,
          uniq_grum
D:9:      layout_loops_cross, old_standard_altar,
          kennysheep_orc_monster_closet_entryway, chequers_mini_garden
D:10:     minmay_clustersquares, layout_long_grid, general_overflow_altar,
          mainiacjoe_overflow_small_starburst, gammafunk_ghost_cemetery,
          nicolae_elevator_lobby_plus, uniq_amaemon
D:11:     layout_loops_ring, minmay_misc_feat_nine_boxes, uniq_lodul
D:12:     layout_loops_ring, mikee_hates_you, uniq_josephine, uniq_jorgrun
D:13:     layout_loops_ring
D:14:     layout_cave_pools, hangedman_vaults_entry_quadrant_bands,
          hangedman_decor_clover_reticule, nrook_guardian_serpent_double
D:15:     grunt_enter_depths_magical_seal, layout_loops_ring, uniq_kirke
Temple:   dshaligram_water_room_temple

Skill      XL: |  1  2  3  4  5  6  7  8  9 10 11 12 13 |
---------------+----------------------------------------+-----
Necromancy     | 5 6 7 8 10 11 12 | 12.1
Dodging        | 2 3 4 5 |  5.7
Spellcasting   | 3 4 5 6 7 9 10 | 10.0
Stealth        | 2 3 |  3.3
Fighting       | 1 2 3 4 |  4.6
Armour         | 1 2 3 |  3.2
Conjurations   | 2 4 5 |  5.1
Shields        | 2 3 5 |  5.4
Earth Magic    | 1 |  1.3
Polearms       | 4 10 11 | 11.1
Air Magic      | |  0.1
Evocations     | |  0.2

Action                     |  1- 3 |  4- 6 |  7- 9 | 10-12 | 13-15 || total
---------------------------+-------+-------+-------+-------+-------++-------
  Melee: Unarmed           |    20 |       |       |       |       ||    20
         Punch             |     1 |       |     3 |       |       ||     4
         Flail             |    45 |    34 |       |       |       ||    79
         Dagger            |       |   108 |    64 |       |       ||   172
         Scimitar          |       |       |   126 |   195 |       ||   321
         Great sword       |       |       |    29 |       |       ||    29
         Trident           |       |       |       |   417 |    15 ||   432
         Headbutt          |       |       |       |   102 |     4 ||   106
   Fire: Sling             |       |     2 |     8 |       |       ||    10
   Cast: Necrotise         |    45 |    39 |    81 |    46 |       ||   211
         Animate Dead      |       |     7 |    16 |    22 |     1 ||    46
         Agony             |       |       |     1 |     3 |     3 ||     7
         Cigotuvi's Dreadf |       |       |     1 |     2 |       ||     3
         Borgnjor's Vile C |       |       |       |    31 |       ||    31
         Anguish           |       |       |       |     2 |     3 ||     5
  Evoke: Wand              |       |       |     6 |     6 |       ||    12
    Use: Scroll            |       |     6 |     3 |    17 |       ||    26
         Potion            |       |       |     3 |     5 |     1 ||     9
   Stab: Sleeping          |       |     4 |     5 |     1 |       ||    10
         Distracted        |       |     1 |       |     3 |       ||     4
         Invisible         |       |       |     1 |       |       ||     1
         Paralysed         |       |       |     3 |    28 |     1 ||    32
 Armour: Robe              |    23 |    43 |       |       |       ||    66
         Leather armour    |       |       |    98 |     5 |       ||   103
         Steam dragon scal |       |       |       |   233 |     8 ||   241
  Dodge: Dodged            |    59 |   106 |   204 |   521 |    14 ||   904
  Block: Buckler           |       |       |    24 |    92 |       ||   116
         Kite shield       |       |       |       |   311 |    10 ||   321
         Reflection        |       |       |       |     8 |     1 ||     9

Table legend: (Time is in decaauts)
 A = Elapsed time spent in this place.
 B = Non-inter-level travel time spent in this place.
 C = Inter-level travel time spent in this place.
 D = Time resting spent in this place.
 E = Time spent auto-exploring this place.
 F = Levels seen in this place.
 G = Mean time per level.
                   A        B        C        D        E       F      G
               +--------+--------+--------+--------+--------+-----+--------+
         Total |  21904 |  21263 |    641 |   5971 |   9777 |  16 | 1369.0 |
       Dungeon |  21745 |  21126 |    619 |   5971 |   9691 |  15 | 1449.7 |
        Temple |    158 |    136 |     22 |      0 |     86 |   1 |  158.0 |
               +--------+--------+--------+--------+--------+-----+--------+

Top non-repeatable levels by time:
    D:10: 3459 daAuts
     D:5: 2977 daAuts
    D:12: 2001 daAuts
     D:7: 1996 daAuts
     D:8: 1939 daAuts
     D:9: 1858 daAuts
     D:4: 1559 daAuts
    D:11: 1457 daAuts
     D:6: 1150 daAuts
     D:3: 1054 daAuts
     D:1: 899 daAuts
     D:2: 884 daAuts
    D:15: 262 daAuts
    D:13: 191 daAuts
  Temple: 158 daAuts
